 Dungeon Crawl Stone Soup version 0.29-a0-541-gaf1fc19f1b (webtiles) character file.

Game seed: 5046200206771078759

330 ultragoat the Insei (level 6, -1/47 HPs)
             Began as a Draconian Transmuter on June 3, 2022.
             Was an Initiate of Yredelemnul.
             Slain by a black bear (4 damage)
             ... on level 4 of the Dungeon.
             The game lasted 00:16:35 (4080 turns).

ultragoat the Insei (Draconian Transmuter)          Turns: 4080, Time: 00:16:36

Health: -1/47      AC:  8    Str: 12    XL:     6   Next: 26%
Magic:  8/10       EV: 12    Int: 15    God:    Yredelemnul [......]
Gold:   222        SH:  0    Dex: 12    Spells: 5/11 levels left

rFire   . . .      SeeInvis .     - Unarmed
rCold   . . .      Faith    .   (no shield)
rNeg    . . .      Spirit   .   (body armour unavailable)
rPois   .          Reflect  .   (helmet restricted)
rElec   .          Harm     .   n - +0 cloak
rCorr   .          Rampage  .   (no gloves)
Will    .....                   f - +0 pair of boots
Stlth   +.........              (no amulet)
HPRegen 0.15/turn               (no ring)
MPRegen 0.12/turn               (no ring)

@: wereblooded
A: AC +6, unfitting armour, cold-blooded
a: Renounce Religion, Recall Undead Harvest


You were on level 4 of the Dungeon.
You worshipped Yredelemnul.
Yredelemnul was noncommittal.
You visited 1 branch of the dungeon, and saw 5 of its levels.

You collected 222 gold pieces.

Inventory:

Missiles
 b - 3 javelins
Armour
 f - a +0 pair of boots (worn)
 n - a +0 cloak (worn)
Magical Staves
 r - a staff of earth
Jewellery
 h - a ring of wizardry
 o - the amulet of Jihuekhlu {Spirit -Cast rC+++ Will+++ Int-3}
   (You found it on level 3 of the Dungeon)

   [amulet of guardian spirit]

   It causes incoming damage to be divided between your reserves of health and
   magic.
   Int:       It affects your intelligence (-3).
   rC:        It renders you almost immune to cold.
   -Cast:     It prevents spellcasting.
   Will:      It greatly increases your willpower.
 p - a ring of protection from fire
Wands
 s - a wand of iceblast (10)
Scrolls
 c - 3 scrolls of identify {unknown}
 g - a scroll of blinking {unknown}
 k - a scroll of vulnerability {unknown}
 q - a scroll of brand weapon {unknown}
 t - a scroll of immolation {unknown}
Potions
 a - a potion of lignification
 d - 2 potions of curing {unknown}
 e - a potion of heal wounds {unknown}
 i - a potion of magic {unknown}
 j - 4 potions of attraction {unknown}
 m - a potion of might {unknown}


   Skills:
 - Level 1.1 Fighting
 - Level 2.2 Dodging
 + Level 5.5 Unarmed Combat
 - Level 3.0 Spellcasting
 - Level 3.2 Transmutations
 * Level 1.4 Poison Magic


You had 5 spell levels left.
You knew the following spells:

 Your Spells              Type           Power      Damage    Failure   Level
a - Beastly Appendage     Tmut           22%        N/A       5%          1
b - Wereblood             Tmut           11%        N/A       9%          2
c - Spider Form           Tmut/Pois      9%         N/A       22%         3

Your spell library contained the following spells:

 Spells                   Type           Power      Damage    Failure   Level
 Shock                    Conj/Air       8%         1d3       21%         1
 Swiftness                Air            2%         N/A       52%         3
 Ice Form                 Ice/Tmut       7%         N/A       71%         4
 Airstrike                Air            1%         N/A       89%         4


Dungeon Overview and Level Annotations

Branches:
Dungeon (5/15)
 Temple: D:4-7

Altars:
Yredelemnul

Shops:
D:1 [

Annotations:
D:4 Grinder
D:5 Menkaure


Innate Abilities, Weirdness & Mutations

Your plain brown scales are hard. (AC +6)
You cannot fit into any form of body armour.
You are cold-blooded and may be slowed by cold attacks.


Message History

Your mindless puppet stays behind to rot.
Level annotation: Grinder The orc priest invokes the aid of Beogh against you.
You barely resist.
There is a stone staircase leading down here.
Found 9 gold pieces.
The orc attacks as you move away! The orc barely misses you.
The orc attacks as you move away! The orc hits you with a +0 short sword.
* * * LOW HITPOINT WARNING * * *
Your primal bloodlust is almost over.
You see here 9 gold pieces.
The orc attacks as you move away! The orc hits you but does no damage.
The orc attacks as you move away! The orc hits you but does no damage.
As you read the scroll of fear, it crumbles to dust.
You assume a fearsome visage.
The orc looks frightened!
The orc priest resists with some effort.
Your primal bloodlust has ended.
Cornered, the orc turns to fight!
The orc priest invokes the aid of Beogh against you.
Beogh smites you!
* * * LOW HITPOINT WARNING * * *
A black bear comes into view.
The black bear growls angrily.
You closely miss the black bear.
The black bear bites you but does no damage.
The black bear barely misses you. The black bear closely misses you.
Casting: Wereblood (safe; 9% risk of failure)
Confirm with . or Enter, or press ? or * to list all spells.
Your blood is infused with primal strength.
The black bear bites you.
* * * LOW HITPOINT WARNING * * *
The black bear claws you.
* * * LOW HITPOINT WARNING * * *
The black bear claws you but does no damage.
The orc closely misses you.
You hit the black bear.
The black bear is lightly wounded.
The black bear bites you.
You die...
Your body rises from the dead as a mindless zombie.

# #o# #..# # #.# ##.# #
#o######## #######.#### #
#....o.o.. ...........# #
########## ##########.#.#####
################.................
...........o...o.................
################o#########..#####
#@# #..# # #.h....# ##.# #
######.# #.## # #..# # #..# #
#..# # #... #.... # #.....+


You could see a black bear, an orc priest and an orc.

Vanquished Creatures
  An ogre (D:3)
  A bullfrog (D:4)
  A howler monkey (D:5)
  An orc priest (D:4)
  A gnoll (D:3)
  An adder (D:2)
  3 worms (D:2)
  A dart slug (D:1)
  5 orcs (D:4)
  4 ball pythons
  5 bats
  6 endoplasms
  2 giant cockroaches (D:3)
  8 goblins
  6 hobgoblins
  2 jackals (D:1)
  2 frilled lizards
  6 kobolds
  7 rats
63 creatures vanquished.

Vanquished Creatures (collateral kills)
  2 adders (D:3)
  An orc (D:3)
  A ball python (D:3)
4 creatures vanquished.

Vanquished Creatures (others)
  A gnoll zombie (D:3)
  A ball python zombie (D:3)
  An endoplasm zombie (D:4)
  A giant cockroach zombie (D:3)
  A hobgoblin zombie (D:3)
  4 orc zombies (D:4)
  A rat zombie (D:3)
10 creatures vanquished.

Grand Total: 77 creatures vanquished

Notes
Turn   | Place    | Note
-------+----------+-------------------------------------------
     0 | D:1      | ultragoat the Draconian Transmuter began the quest for the
                  | Orb.
     0 | D:1      | Reached XP level 1. HP: 16/16 MP: 3/3
   172 | D:1      | Found Wecruq's Antique Armour Shoppe.
   320 | D:1      | Reached XP level 2. HP: 23/23 MP: 3/5
   952 | D:1      | Reached XP level 3. HP: 28/28 MP: 4/6
  1251 | D:1      | Found a faded altar of an unknown god.
  1382 | D:2      | Learned a level 2 spell: Wereblood
  1977 | D:2      | Found a basalt altar of Yredelemnul.
  2148 | D:2      | Became a worshipper of Yredelemnul the Dark
  2356 | D:3      | Noticed an ogre
  2617 | D:3      | Identified the amulet of Jihuekhlu {Spirit -Cast rC+++
                  | Will+++ Int-3}
  2685 | D:3      | Reached * piety under Yredelemnul
  2708 | D:3      | Reached XP level 4. HP: 31/35 MP: 8/8
  2852 | D:3      | Reached skill level 4 in Unarmed Combat
  3235 | D:3      | Killed an ogre
  3236 | D:3      | Reached XP level 5. HP: 35/40 MP: 6/9
  3240 | D:3      | Learned a level 3 spell: Spider Form
  3646 | D:4      | Noticed Grinder
  3647 | D:4      | Noticed a black bear
  3726 | D:4      | Reached skill level 5 in Unarmed Combat
  3753 | D:4      | Reached skill level 1 in Poison Magic
  3753 | D:4      | Reached XP level 6. HP: 29/47 MP: 8/10
  3996 | D:5      | Entered Level 5 of the Dungeon
  4044 | D:5      | Noticed Menkaure
  4080 | D:4      | Slain by a black bear

Illustrated notes

Levels and vault maps discovered:
D:1:      evilmike_arrival_hilbert_curve, layout_basic, serial_shops, shop,
          chequers_ecumenical_altar_lobes,
          nicolae_concentric_dashed_squares_wild
D:2:      layout_rooms, basic_altar
D:3:      layout_basic, minmay_cut_off
D:4:      layout_basic, mainiacjoe_overflow_catwalk,
          grunt_temple_overflow_diamond, fedhas_ov_isle_minmay, uniq_sigmund,
          uniq_grinder
D:5:      layout_basic, mainiacjoe_overflow_boulevard, minmay_temple_entry_hall,
          corexii_item_surrounded_by_moat, uniq_edmund, uniq_duvessa,
          uniq_menkaure, uniq_crazy_yiuf_cottage, uniq_eustachio

Skill      XL: |  1  2  3  4  5 |
---------------+----------------+-----
Dodging        | 2 |  2.2
Unarmed Combat | 4 5 |  5.5
Spellcasting   | 3 |  3.0
Transmutations | 3 |  3.2
Poison Magic   | 1 |  1.4
Fighting       | |  1.1

Action                   |  1- 3 |  4- 6 || total
-------------------------+-------+-------++-------
Melee: Unarmed           |   156 |    92 ||   248
       Kick              |    21 |     8 ||    29
       Tailslap          |    19 |    11 ||    30
       Headbutt          |     8 |     5 ||    13
       Punch             |     3 |     6 ||     9
 Cast: Beastly Appendage |    17 |     5 ||    22
       Wereblood         |     1 |     4 ||     5
  Use: Scroll            |     2 |     1 ||     3
 Stab: Distracted        |     1 |     2 ||     3
       Sleeping          |       |     1 ||     1
Armor: Skin              |    55 |    52 ||   107
Dodge: Dodged            |   105 |    59 ||   164

Table legend: (Time is in decaauts)
 A = Elapsed time spent in this place.
 B = Non-inter-level travel time spent in this place.
 C = Inter-level travel time spent in this place.
 D = Time resting spent in this place.
 E = Time spent auto-exploring this place.
 F = Levels seen in this place.
 G = Mean time per level.
                   A        B        C        D        E       F      G
               +--------+--------+--------+--------+--------+-----+--------+
         Total |   4063 |   4004 |     59 |    861 |   1490 |   5 |  812.6 |
       Dungeon |   4063 |   4004 |     59 |    861 |   1490 |   5 |  812.6 |
               +--------+--------+--------+--------+--------+-----+--------+

Top non-repeatable levels by time:
     D:1: 1542 daAuts
     D:3: 1179 daAuts
     D:2: 964 daAuts
     D:4: 323 daAuts
     D:5: 53 daAuts
